Map: Catalyst LE

Players

Reynor - Winner!

  • Race: Zerg Zerg
  • League: Grandmaster
  • Spawn Location: 11:00

liquidthermy (uThermal)

  • Race: Terran Terran
  • League: Grandmaster
  • Spawn Location: 5:00

Event: WESG Barcelona European Finals 2017

VOD

Have the link to the VOD?

Description

Time

  • Played on: Nov. 23, 2017, 2:17 p.m.
  • Length: 9:23

All games in this series

Show
View Real Time Build Order
Export as new Build Order

Reynor Zerg - Winner!

Build Orders: Pool First 

Get SALT Encoding   

  12  0:00  Drone  
  13  0:12  Overlord  
  13  0:17  Drone  
  14  0:31  Drone x2  
  14  0:34  Drone  
  17  0:46  Spawning Pool  
  17  0:49  Drone  
  17  1:10  Hatchery  
  16  1:13  Drone  
  16  1:16  Drone  
  16  1:18  Extractor  
  19  1:32  Zergling x4  
  19  1:34  Queen  
  19  1:38  Zergling x2  
  22  1:49  Overlord  
  22  2:07  Drone  
  23  2:10  Queen, Drone  
  26  2:23  Queen, Drone x2  
  30  2:33  Drone  
  30  2:35  Drone  
  32  2:42  Metabolic Boost  
  32  2:43  Drone x2  
  34  2:45  Drone  
  34  2:47  Drone  
  36  2:51  Overlord  
  36  3:08  Hatchery  
  33  3:13  Drone x2  
  33  3:19  Drone  
  36  3:22  Overlord  
  36  3:25  Zergling x2  
  36  3:26  Zergling x6  
  40  3:28  Zergling x2  
  40  3:32  Drone x2  
  40  3:33  Drone  
  44  3:44  Overlord  
  44  3:47  Zergling x2  
  44  3:48  Zergling x4  
  47  3:49  Queen  
  47  3:53  Zergling x2  
  47  3:55  Zergling x4  
  53  4:02  Drone  
  53  4:03  Drone  
  53  4:05  Overlord  
  54  4:13  Zergling x2  
  54  4:14  Zergling x4  
  54  4:17  Overlord  
  56  4:24  Queen  
  56  4:25  Zergling x2  
  56  4:27  Drone  
  56  4:28  Queen  
  56  4:29  Drone  
  63  4:33  Drone x2  
  63  4:36  Drone  
  63  4:39  Zergling x2  
  58  4:46  Drone  
  58  4:49  Zergling x6  
  58  4:51  Drone  
  62  4:54  Evolution Chamber  
  62  4:58  Evolution Chamber, Overlord  
  60  5:00  Drone  
  60  5:01  Drone x4  
  65  5:07  Drone, Spore Crawler x2  
  65  5:10  Spore Crawler  
  65  5:11  Drone  
  65  5:13  Drone  
  65  5:15  Drone  
  65  5:18  Drone x2  
  68  5:23  Zerg Ground Armor Level 1  
  68  5:26  Zerg Missile Weapons Level 1  
  68  5:28  Drone  
  68  5:30  Drone  
  68  5:33  Drone x2  
  72  5:39  Drone x5  
  72  5:42  Overlord  
  76  5:43  Drone  
  76  5:49  Zergling x4  
  79  5:55  Lair  
  79  5:58  Overlord  
  79  5:59  Drone x2  
  79  6:01  Extractor, Overlord  
  79  6:02  Extractor  
  79  6:03  Zergling x8  
  83  6:08  Drone x2  
  83  6:09  Roach Warren  
  83  6:10  Drone  
  85  6:11  Drone  
  85  6:13  Drone  
  85  6:16  Overlord  
  85  6:17  Drone  
  88  6:20  Drone  
  88  6:21  Drone  
  88  6:23  Drone  
  88  6:24  Extractor  
  90  6:29  Overlord  
  90  6:32  Drone x4  
  90  6:33  Drone x3  
  92  6:40  Queen  
  92  6:41  Overlord  
  94  6:50  Roach x5  
  104  6:56  Drone x3  
  104  6:57  Extractor  
  105  7:01  Drone  
  105  7:05  Roach, Spire  
  105  7:07  Drone x5  
  113  7:09  Spire, Overlord  
  113  7:10  Roach  
  113  7:12  Drone x4  
  113  7:15  Extractor  
  113  7:22  Overlord  
  113  7:27  Ravager  
  113  7:29  Hatchery  
  112  7:32  Glial Reconstitution  
  112  7:35  Roach x5  
  112  7:36  Overlord  
  122  7:41  Roach x4  
  122  7:43  Drone  
  129  7:45  Roach x3  
  134  7:56  Roach x3  
  134  7:58  Roach x3  
  140  8:01  Roach x3  
  140  8:04  Overlord  
  142  8:07  Roach x2  
  146  8:13  Overlord x2  
  146  8:18  Overlord  
  146  8:25  Drone x2  
  146  8:26  Hydralisk Den, Drone x2  
  149  8:27  Infestation Pit  
  149  8:29  Roach x3  
  149  8:31  Drone  
  155  8:38  Roach  
  155  8:41  Roach x3  
  163  8:46  Overlord  
  163  8:49  Roach, Extractor  
  163  8:50  Roach  
  163  8:53  Overlord  
  166  9:03  Roach x6  
Show
View Real Time Build Order
Export as new Build Order

liquidthermy Terran 

Build Orders: Gas First Reaper Expand, Reaper Expand 

Get SALT Encoding   

  12  0:01  SCV  
  13  0:13  SCV  
  14  0:18  Supply Depot  
  14  0:25  SCV  
  14  0:27  Refinery  
  15  0:40  SCV  
  16  0:44  Barracks  
  16  0:52  SCV  
  17  1:04  SCV  
  18  1:16  SCV  
  19  1:31  Reaper, Orbital Command  
  20  1:44  Command Center  
  20  1:55  Factory  
  20  1:59  SCV  
  21  2:05  Barracks Reactor  
  21  2:11  SCV  
  21  2:15  Supply Depot  
  22  2:22  Refinery  
  21  2:23  SCV  
  22  2:40  Hellion  
  22  2:42  Starport, Marine x2  
  25  2:44  SCV  
  26  2:56  SCV  
  27  3:00  Marine x2  
  29  3:12  SCV  
  30  3:18  Supply Depot  
  30  3:24  SCV  
  31  3:35  Medivac, Cyclone, Orbital Command  
  31  3:40  SCV  
  37  3:48  Marine x2  
  37  3:52  SCV  
  40  4:02  SCV  
  41  4:04  SCV  
  41  4:05  Starport Tech Lab  
  42  4:14  SCV  
  42  4:16  SCV, Hellion x2  
  43  4:26  SCV  
  41  4:35  SCV  
  41  4:38  Hellion x2  
  43  4:44  SCV  
  42  4:49  SCV  
  43  4:54  Cloaking Field  
  43  4:59  Hellion x2  
  47  5:03  SCV x2  
  49  5:11  Banshee  
  52  5:17  Supply Depot  
  52  5:19  SCV  
  52  5:21  SCV  
  54  5:38  SCV x2  
  54  5:39  Supply Depot, Hellion x2  
  58  5:50  SCV x2  
  58  5:54  Supply Depot  
  60  6:02  Supply Depot  
  60  6:03  SCV, Command Center, Hellion  
  63  6:06  Hellion  
  63  6:07  SCV  
  66  6:15  SCV, Refinery  
  66  6:16  Refinery  
  67  6:19  SCV  
  68  6:27  SCV  
  68  6:32  SCV  
  69  6:35  Hellion  
  69  6:36  Armory, Hellion  
  69  6:37  Armory  
  69  6:39  SCV  
  74  6:44  SCV  
  75  6:52  Barracks Tech Lab  
  75  6:53  Factory, Starport Reactor  
  75  6:54  SCV  
  75  6:56  SCV, Factory  
  75  6:57  Hellion  
  79  7:06  SCV  
  79  7:08  SCV  
  81  7:12  Supply Depot  
  79  7:17  Orbital Command  
  79  7:18  SCV  
  79  7:20  SCV  
  80  7:25  Hellion x2  
  80  7:26  Terran Vehicle Weapons Level 1  
  80  7:28  Terran Vehicle And Ship Armor Level 1  
  84  7:31  SCV  
  84  7:33  SCV  
  86  7:37  Refinery  
  86  7:39  Refinery  
  86  7:43  SCV  
  87  7:45  SCV  
  87  7:47  SCV  
  89  7:55  SCV  
  89  7:57  SCV  
  77  8:03  Thor  
  77  8:04  SCV  
  84  8:07  SCV  
  84  8:08  Thor, Medivac  
  84  8:09  Medivac  
  84  8:10  SCV  
  84  8:11  Engineering Bay  
  94  8:16  SCV, Hellion  
  94  8:17  Hellion  
  94  8:19  SCV  
  98  8:22  SCV  
  99  8:30  SCV, Supply Depot x2  
  99  8:34  SCV  
  101  8:35  SCV  
  101  8:36  Factory  
  101  8:37  Factory  
  101  8:38  Hellion  
  101  8:40  Hellion  
  106  8:42  SCV  
  106  8:43  Missile Turret  
  106  8:47  Missile Turret  
  106  8:48  SCV x2  
  106  8:50  Missile Turret  
  106  8:54  SCV  
  108  9:00  SCV  
Tags
 
Add a new tag
Caveats
  • Supply blocks, unpowered buildings, or Contaminate may cause inaccurate times.
  • Supply counts are checked every 10 seconds.